Map: Ulrena

Players

rotab - Winner!

  • Race: Zerg Zerg
  • League: Grandmaster

DiaBoLuS

  • Race: Protoss Protoss
  • League: Grandmaster

VOD

Have the link to the VOD?

Description

Time

  • Played on: Dec. 8, 2015, 4:07 p.m.
  • Length: 14:34
Show
View Real Time Build Order
Export as new Build Order

rotab Zerg - Winner!

Build Orders: Hatch First, Roach Nydus 

Get SALT Encoding   

  12  0:01  Drone  
  13  0:08  Drone  
  14  0:17  Overlord  
  14  0:24  Extractor  
  14  0:25  Drone  
  15  0:35  Drone x2  
  17  0:53  Hatchery  
  17  0:55  Drone  
  17  0:58  Drone  
  18  1:08  Extractor  
  17  1:13  Spawning Pool  
  17  1:16  Drone  
  17  1:19  Drone  
  18  1:27  Drone  
  19  1:39  Overlord  
  19  2:03  Roach Warren  
  19  2:09  Overlord  
  19  2:15  Lair  
  19  2:17  Drone x2, Extractor  
  20  2:22  Hatchery  
  20  2:26  Drone  
  20  2:32  Drone  
  21  2:42  Drone  
  22  2:54  Roach  
  24  3:06  Roach  
  26  3:17  Nydus Network, Queen  
  26  3:19  Roach  
  29  3:26  Roach  
  32  3:37  Overlord  
  32  3:47  Roach  
  34  3:52  Queen  
  34  3:54  Hatchery, Nydus Canal  
  35  4:00  Roach  
  37  4:07  Roach  
  39  4:13  Spine Crawler  
  39  4:16  Spine Crawler  
  37  4:18  Spore Crawler  
  37  4:27  Roach  
  39  4:39  Ravager  
  39  4:45  Roach x3  
  43  4:50  Ravager  
  44  4:54  Roach  
  46  5:04  Overlord  
  46  5:10  Roach  
  48  5:18  Spore Crawler  
  47  5:31  Roach  
  45  5:43  Overlord  
  45  5:47  Spine Crawler, Ravager  
  45  5:50  Spore Crawler  
  44  6:00  Ravager  
  45  6:04  Queen  
  47  6:26  Roach x2  
  47  6:27  Ravager  
  47  6:29  Ravager  
  53  6:40  Queen  
  53  6:45  Spore Crawler  
  54  7:08  Ravager  
  55  7:09  Overlord  
  55  7:17  Roach x2  
  59  7:35  Spore Crawler  
  58  7:44  Nydus Canal  
  49  8:11  Drone x3  
  48  10:08  Hatchery  
Show
View Real Time Build Order
Export as new Build Order

DiaBoLuS Protoss 

Build Orders:  

Get SALT Encoding   

  12  0:01  Probe (Chrono Boost)  
  13  0:11  Probe (Chrono Boost)  
  14  0:22  Probe (Chrono Boost)  
  14  0:23  Pylon  
  15  0:42  Probe (Chrono Boost), Forge  
  16  0:52  Probe (Chrono Boost)  
  17  0:59  Pylon  
  17  1:03  Probe (Chrono Boost)  
  18  1:13  Probe (Chrono Boost)  
  18  1:17  Photon Cannon  
  19  1:24  Probe (Chrono Boost)  
  20  1:34  Probe (Chrono Boost)  
  20  1:39  Photon Cannon  
  21  1:48  Nexus  
  21  1:57  Gateway  
  21  2:12  Assimilator x2  
  21  2:15  Probe (Chrono Boost), Pylon  
  22  2:25  Probe (Chrono Boost)  
  22  2:27  Pylon  
  23  2:36  Probe (Chrono Boost)  
  24  2:44  Cybernetics Core  
  24  2:48  Photon Cannon  
  24  2:59  Photon Cannon  
  24  3:08  Photon Cannon  
  24  3:11  Probe (Chrono Boost)  
  25  3:15  Probe (Chrono Boost)  
  26  3:22  Mothership Core (Chrono Boost)  
  28  3:31  Stargate  
  28  3:35  Probe (Chrono Boost)  
  28  3:41  Probe (Chrono Boost), Pylon  
  30  3:43  Assimilator  
  30  3:46  Probe (Chrono Boost)  
  31  3:54  Photon Cannon  
  31  4:03  Photon Cannon  
  31  4:06  Pylon  
  31  4:08  Sentry  
  33  4:15  Pylon  
  32  4:25  Void Ray (Chrono Boost)  
  36  4:37  Pylon  
  35  4:39  Pylon  
  35  4:59  Sentry  
  37  5:04  Void Ray (Chrono Boost)  
  39  5:18  Gateway  
  37  5:47  Photon Cannon  
  37  5:49  Pylon  
  35  6:00  Void Ray (Chrono Boost)  
  39  6:20  Stalker  
  39  6:23  Pylon  
  45  6:46  Probe, Photon Cannon  
  43  6:57  Probe  
  42  7:19  Photon Cannon  
  42  7:27  Mothership Core  
  33  7:56  Pylon  
  32  8:01  Stalker (Chrono Boost)  
  22  8:07  Mothership Core (Chrono Boost)  
  22  8:09  Photon Cannon  
  22  8:12  Photon Cannon  
  22  8:15  Pylon  
  22  8:31  Pylon  
  20  9:35  Zealot  
  19  10:55  Pylon  
  16  13:39  Assimilator  
Tags
 
Add a new tag
Caveats
  • Supply blocks, unpowered buildings, or Contaminate may cause inaccurate times.
  • Supply counts are checked every 10 seconds.